Cogmind - Beta 13 @@@ ROGUE MODE // 2024.08.02 @ 14:48:17 Player: applejuice Result: Destroyed by D-53 Grenadier with Mini Grenade Launcher Performance ------------- Evolutions (0) 0 Regions Visited (2) 400 Robots Destroyed (5) 25 Value Destroyed (215) 215 Prototype IDs (0) 0 Alien Tech Used (0) 0 Bonus (0) 0 TOTAL SCORE: 640 Bonus ------- None Cogmind --------- Core Integrity 0/250 Matter 234/300 Energy 100/100 System Corruption 0% Temperature Cool (0) Movement Walking (120) Location -10/Mines Parts ------- > --- POWER (1) -------- (None) > --- PROPULSION (2) --- Aluminum Leg > --- UTILITY (2) ------ Small Storage Unit > --- WEAPON (2) ------- (None) > --- INVENTORY (8) ---- Aluminum Leg Aluminum Leg Assault Rifle Peak State ------------ > --- POWER ------------ Light Nuclear Core > --- PROPULSION ------- Aluminum Leg Aluminum Leg > --- UTILITY ---------- Improved Heat Sink Small Storage Unit > --- WEAPON ----------- Light Cannon Rocket Launcher > --- INVENTORY -------- Light Ion Engine Aluminum Leg Heat Sink Medium Matter Pod Medium Laser Assault Rifle Grenade Launcher [Rating: 12] Favorites ----------- Power Ion Engine Engine Ion Engine Power Core Light Nuclear Core Propulsion Aluminum Leg Leg Aluminum Leg Utility Small Storage Unit Device Improved Heat Sink Storage Small Storage Unit Weapon Light Cannon Energy Gun Medium Laser Ballistic Gun Assault Rifle Ballistic Cannon Light Cannon Launcher Rocket Launcher Build | -11 -10 -10 ------- Run | Yrd Mat Min Slots Evolved . | . . . Power . | . . . Propulsion . | . . . Utility . | . . . Weapon . | . . . Parts Attached 14 | 6 2 6 Power 3 | 1 . 2 Engine 2 | 1 . 1 Core 1 | . . 1 Reactor . | . . . Propulsion 3 | 2 . 1 Treads . | . . . Leg 3 | 2 . 1 Wheel . | . . . Hover . | . . . Flight . | . . . Utility 3 | 1 1 1 Device 2 | . 1 1 Storage 1 | 1 . . Processor . | . . . Hackware . | . . . Protection . | . . . Artifact . | . . . Weapon 5 | 2 1 2 Energy Gun 1 | 1 . . Energy Cannon . | . . . Ballistic Gun 1 | 1 . . Ballistic Cannon 1 | . 1 . Launcher 2 | . . 2 Special Weapon . | . . . Impact Weapon . | . . . Slashing Weapon . | . . . Piercing Weapon . | . . . Special Melee Weapon . | . . . Unidentified Prototypes . | . . . Parts Lost 8 | . . 8 Power 2 | . . 2 Propulsion 2 | . . 2 Utility 1 | . . 1 Weapon 3 | . . 3 Highest Loss Streak 8 | . . 8 To Critical Strikes . | . . . Average Slot Usage (%) 94 | . 96 93 Engine 7 | . 14 3 Core 5 | . . 8 Leg 27 | . 28 26 Device 12 | . 10 13 Storage 14 | . 14 14 Energy Gun 4 | . 13 . Ballistic Gun 6 | . 14 2 Ballistic Cannon 9 | . . 13 Launcher 6 | . . 10 Naked Turns . | . . . Heaviest Build 18 | 14 16 18 Greatest Support 20 | 20 20 20 Greatest Overweight (x) 2 | 2 . . Average Overweight (x) . | . . . Largest Inventory Capacity 8 | 8 8 8 Average Capacity 7 | 7 8 8 Most Carried 8 | 2 7 8 Average Carried 5 | . 4 6 Final Capacity 8 | 8 8 8 Final Carried 7 | 2 7 3 Class Distribution -------------------- 100% | Mutant Dominant Class ---------------- Mutant | -10/Materials Mutant | -10/Mines Resources | -11 -10 -10 ----------- Run | Yrd Mat Min Matter Collected 380 | 260 84 36 Remotely . | . . . Salvage Created 149 | . 84 65 Parts 10 | . 4 6 Haulers Intercepted . | . . . Recyclers Shooed 3 | . 3 . Parts Field Recycled . | . . . Retrieved Matter . | . . . Parts Self-Destructed . | . . . Prevented . | . . . Kills | -11 -10 -10 ------- Run | Yrd Mat Min Combat Hostiles Destroyed 5 | . 2 3 Guns 2 | . 2 . Cannons 2 | . . 2 AOE 1 | . . 1 Classes Destroyed 2 | . 1 1 Grunt 4 | . 2 2 Demolisher 1 | . . 1 Best Kill Streak 2 | . 2 2 Combat Bots Only 2 | . 2 2 Max Kills in Single Turn 1 | . 1 1 Gunslinging . | . . . Exploded 1 | . . 1 Melee . | . . . Uniques/NPCs Destroyed . | . . . Combat | -11 -10 -10 -------- Run | Yrd Mat Min Hostile Shots Fired 52 | . 10 42 Missed 10 | . 3 7 Damage Taken 955 | . 99 856 Core 273 | . . 273 Absorbed by Shields . | . . . Core Remaining (%) 100 | 100 . . Volleys Fired 14 | . 9 5 Largest 2 | . 2 2 Hottest 70 | . 70 68 Shots Fired 28 | . 18 10 Gun 18 | . 18 . Cannon 5 | . . 5 Launcher 5 | . . 5 Special . | . . . Kinetic 14 | . 9 5 Thermal 9 | . 9 . Explosive 5 | . . 5 Electromagnetic . | . . . Robot Hit Streak 4 | . 4 2 Robot Miss Streak 2 | . 1 2 Penetration Max . | . . . Secondary Targets . | . . . Shots Hit Robots 16 | . 11 5 Core Hits 11 | . 4 7 Critical Kills . | . . . Critical Parts Destroyed . | . . . Critical Strikes . | . . . Melee Attacks . | . . . Impact . | . . . Slashing . | . . . Piercing . | . . . Sneak Attacks . | . . . Combat Hostiles . | . . . Follow-up Attacks . | . . . Damage Inflicted 315 | . 150 165 Guns 143 | . 143 . Cannons 37 | . . 37 Explosions 128 | . . 128 Melee . | . . . Ramming 7 | . 7 . Kinetic 119 | . 82 37 Thermal 61 | . 61 . Explosive 128 | . . 128 Electromagnetic . | . . . Impact . | . . . Slashing . | . . . Piercing . | . . . Highest Corruption . | . . . Average Corruption . | . . . Corruption Purged . | . . . Corruption Blocked . | . . . Overload Shots . | . . . Overflow Damage . | . . . Projectiles . | . . . Explosions . | . . . Melee . | . . . Knockbacks . | . . . Impact . | . . . Kinetic . | . . . Secondary . | . . . Self-Inflicted Damage . | . . . Shots . | . . . Rammed . | . . . Targets Rammed 2 | . 2 . Kicked 2 | . 2 . Crushed . | . . . Highest Temperature 19 | . 2 19 Average Temperature 8 | . 2 11 Received Heat Transfer 156 | . 51 105 Siege Activations . | . . . Robots Corrupted . | . . . Combat Hostiles . | . . . Parts Fried . | . . . Impact Corruptions . | . . . Robots Melted . | . . . Combat Hostiles . | . . . Parts Melted . | . . . Heat Transferred 185 | . 185 . Parts Sabotaged . | . . . Parts Stolen . | . . . Parts Stripped . | . . . Power Chain Reactions . | . . . Alert | -11 -10 -10 ------- Run | Yrd Mat Min Peak Influence 97 | . 90 97 Initial 34 | . . 34 Average 61 | . 45 79 Maximum Alert Level . | . . . Low Security (%) 100 | 100 100 100 Level 1 . | . . . Level 2 . | . . . Level 3 . | . . . Level 4 . | . . . Level 5 . | . . . High Security . | . . . Max Security . | . . . Squads Dispatched . | . . . Investigation . | . . . Extermination . | . . . Reinforcement . | . . . Assault . | . . . Garrison . | . . . Intercept . | . . . Searches Triggered . | . . . Construction Impeded . | . . . Haulers Reinforced . | . . . Active Scanning Responses . | . . . Cargo Convoy Interrupts . | . . . Stealth | -11 -10 -10 --------- Run | Yrd Mat Min Distress Signals . | . . . Communications Jammed . | . . . Distress Signals . | . . . Times Spotted 16 | . 6 10 Peak Tracking Total 7 | . 3 7 Tactical Retreats . | . . . Traps | -11 -10 -10 ------- Run | Yrd Mat Min Traps Triggered . | . . . Indirectly . | . . . Trap Hack Attempts . | . . . Triggered . | . . . Disarmed . | . . . Reprogrammed . | . . . Reused . | . . . Traps Extracted . | . . . Installed . | . . . Triggered . | . . . Machines | -11 -10 -10 ---------- Run | Yrd Mat Min Machines Disabled . | . . . Max in Single Turn . | . . . Machines Repaired . | . . . Machines Dismantled . | . . . Machines Sabotaged . | . . . Overloaded Fab Kills . | . . . Hacking | -11 -10 -10 --------- Run | Yrd Mat Min Machines Accessed 3 | . 3 . Terminals 3 | . 3 . Fabricators . | . . . Repair Stations . | . . . Recycling Units . | . . . Scanalyzers . | . . . Garrison Access . | . . . Total Hacks 7 | . 7 . Successful 5 | . 5 . Failed 2 | . 2 . Catastrophic 1 | . 1 . Database Lockouts . | . . . Manual 3 | . 3 . Terminals 7 | . 7 . Fabricators . | . . . Repair Stations . | . . . Recycling Units . | . . . Scanalyzers . | . . . Garrison Access . | . . . Terminal Hacks 3 | . 3 . Record 2 | . 2 . Zone Layout 1 | . 1 . Fabricator Hacks . | . . . Repair Station Hacks . | . . . Recycling Unit Hacks . | . . . Scanalyzer . | . . . Garrison Access Hacks . | . . . Unauthorized Hacks 2 | . 2 . Terminals 2 | . 2 . Track 1 | . 1 . Operators 1 | . 1 . Fabricators . | . . . Repair Stations . | . . . Recycling Units . | . . . Scanalyzers . | . . . Garrison Access . | . . . Data Cores Recovered . | . . . Used . | . . . Hacking Detections 3 | . 3 . Full Trace Events . | . . . Feedback Events . | . . . Feedback Blocked . | . . . Robot Schematics Acquired . | . . . Robots Built . | . . . Authchips . | . . . Time . | . . . Total Robot Build Rating . | . . . Part Schematics Acquired . | . . . Parts Built . | . . . Authchips . | . . . Time . | . . . Total Part Build Rating . | . . . Parts Repaired . | . . . Time . | . . . Parts Recycled . | . . . Recycled Matter . | . . . Retrieved Matter . | . . . Retrieved Components . | . . . Parts Scanalyzed . | . . . Part Schematics Acquired . | . . . Parts Damaged . | . . . Bothacking | -11 -10 -10 ------------ Run | Yrd Mat Min Used RIF Installer . | . . . Robots Hacked . | . . . Non-combat . | . . . Combat . | . . . Robot Hacks Applied . | . . . Relay Couplers Released . | . . . Fabnet Peak Effective % . | . . . Robots Rewired . | . . . Allies Hacked . | . . . Hacks Repelled . | . . . Allies | -11 -10 -10 -------- Run | Yrd Mat Min Total Allies . | . . . Largest Group . | . . . Highest-Rated Group . | . . . Highest-Rated Ally . | . . . Total Orders . | . . . Ally Attacks . | . . . Total Damage . | . . . Kills . | . . . Allies Corrupted . | . . . Allies Melted . | . . . Intel | -11 -10 -10 ------- Run | Yrd Mat Min Robot Analysis Total . | . . . Derelict Logs Recovered 1 | . . 1 Drone Launches . | . . . Drone Recoveries . | . . . Exploration | -11 -10 -10 ------------- Run | Yrd Mat Min Turns Passed 537 | 53 165 319 Spaces Moved 360 | 36 96 228 Core 8 | 8 . . Treads . | . . . Legs 352 | 28 96 228 Wheels . | . . . Hover . | . . . Flight . | . . . Fastest Speed 50 | 50 120 120 Average Speed 119 | 119 120 120 Slowest Speed 190 | 190 120 120 Overloaded Moves . | . . . Propulsion Burnouts . | . . . Robots Hopped . | . . . Cave-ins Triggered . | . . . Exploration Rate (%) 26 | 4 25 49 Regions Visited 2 Branch Regions 1 Pre-discovered Areas . | . . . Known Exits Taken . | . . . Unknown Exits Taken 2 | 1 1 . Scrap Searched . | . . . Spaces Dug . | . . . Terrain Destroyed 14 | . . 14 Melee . | . . . Projectile 1 | . . 1 AOE 13 | . . 13 Terrain Rammed . | . . . Walls Destroyed . | . . . Machines Disabled . | . . . Actions | -11 -10 -10 --------- Run | Yrd Mat Min Total 434 | 43 126 265 Wait 30 | . 13 17 Move 358 | 35 95 228 Hop . | . . . Pick Up 10 | 2 5 3 Fast Attach 8 | 6 1 1 Attach 3 | . . 3 Detach . | . . . Swap 3 | . 1 2 Drop 6 | . . 6 Fire 14 | . 9 5 Melee . | . . . Ram . | . . . Kick 2 | . 2 . Crush . | . . . Escape Stasis . | . . . Rewire . | . . . Trap . | . . . Miscellaneous . | . . . Route ------- -11/Scrapyard -10/Materials -10/Mines History --------- Turn | Location | Event 12 | -11/Scrapyard | Discovered new exit (range 15) 54 | -11/Scrapyard | Entered Materials 183 | -10/Materials | Discovered new exit (range 5) 219 | -10/Materials | Entered Mines 226 | -10/Mines | Received a Rocket Launcher from a helpful Derelict 247 | -10/Mines | Met a Derelict bent on vengeance 309 | -10/Mines | Build established: Mutant 377 | -10/Mines | Learned Materials garrison access intel 452 | -10/Mines | Assembled infested the area 513 | -10/Mines | Core integrity fell below 50% 518 | -10/Mines | Core integrity fell below 20% 538 | -10/Mines | Destroyed by D-53 Grenadier with Mini Grenade Launcher Last Messages --------------- 00458_ D-53 Grenadier unfolds itself. 00466_ The unstable cave ceiling collapses. 00474_ Lgt. Nuclear Core destroyed. 00477_ The unstable cave ceiling collapses. 00480_ Rocket Launcher destroyed. 00481_ The unstable cave ceiling collapses. 00507_ Aluminum Leg destroyed. 00508_ D-53 Grenadier destroyed. 00509_ The unstable cave ceiling collapses. 00510_ Aluminum Leg destroyed. 00512_ Grenade Launcher destroyed. 00512_ Lgt. Ion Engine destroyed. 00512_ Imp. Heat Sink destroyed. 00512_ Lgt. Cannon destroyed. 00514_ as-19302 destroyed. 00521_ as-31661 destroyed. 00521_ as-89960 destroyed. 00523_ as-43773 destroyed. 00525_ as-76148 destroyed. 00526_ The unstable cave ceiling collapses. Map ----- +----------------------------------------------------+ | | | | | | | | | | | | | | | | | | | | | | | | | ???????????????????????????????????????? | | ##############?????????????????????????? | | #?????????????????????????? | | #?????????????????????????? | | ##????????????????????????? | | "#????????????????????????? | | "#????????????????????????? | | "#????????????????????????? | | #????????????????????????? | | "#????????????##??????????? | | "#?????####??? #??????????? | | "#????## ##? t#??????????? | | #????## ## #??????????? | | # ######### @ #??????????? | | # d """" #??????????? | | # """" ##??????????? | | # ######## """" #???????????? | | ###??????## #???????????? | | ##????????## ##???????????? | | # ####???????#### #????????????? | | # # #??????????# #????????????? | | ?# != ##?????????# #????????????? | | ?##!%| [ ####??????# #????????????? | | ## ! ! ##?????# ?????????????? | | # ! #?????# ?????????????? | | [ ####### #????????????? | | ! ## #????????????? | | #### ### #????????????? | | #??# ##?#### ########????????????? | | #?# #?????# #???####????????????? | | #?????# ##### ###??????????? | | #????## ## ##?????????? | | ###### ##????????? | | ## #????????? | | #### ## #### #???????? | | #######??#??## ##?# #???????? | | ##????????????## #?# #???????? | | # #?????????????## #?# #???????? | +----------------------------------------------------+ Best States ------------- Heat Dissipation 39 Energy Generation 14 Energy Capacity 250 Matter Stores 300 Matter Capacity 300 Sight Range 16 Terrain Scan Density 10 Evasion (%) 55 Item Schematics ----------------- None Robot Schematics ------------------ None Fabricated ------------ Nothing Alien Tech Used ----------------- None Achievements -------------- None Challenges ------------ None Game ------ Seed CryofiberIonAxe Manual? 0 Play Time 00:08:26 Cumulative 9.1 hours Start 2024.08.02 @ 14:40:10 End 2024.08.02 @ 14:48:17 Sessions 1 Manual Loads 0 Difficulty Rogue Special Mode None Game No. 10 Rogue 10 Adventurer 0 Explorer 0 Win Type - Total 0 Types 0/0/0/0/0/0/0/0/0 Lore% 17 Gallery% 13 Achievement% 14 Wizard Run 0 Options --------- Layout 1 ASCII 0 Keyboard 1 Movement Numpad Keybinds 0 Fullscreen 1 Font 48/Smallcaps Map View 50x35 Zoom Use 0% Tactical HUD 1 Map Filters NONE Filters NONE Steam 1 RUN: fa182803-72d3-4f1a-b63d-d47c43f97220